 Dungeon Crawl Stone Soup version 0.30.1-11-g7821555f0a (webtiles) character file.

Game seed: 16661131557218991022

245 Tacobop the Trooper (level 6, -2/53 HPs)
             Began as a Ghoul Monk on Jan 4, 2024.
             Was a Priest of Trog.
             Killed from afar by an orc wizard (4 damage)
             ... with a magic dart
             ... on level 3 of the Dungeon on Jan 5, 2024.
             The game lasted 00:26:06 (2755 turns).

Tacobop the Trooper (Ghoul Monk)                    Turns: 2755, Time: 00:26:09

Health: -2/53      AC: 11    Str: 17    XL:     6   Next: 10%
Magic:  5/5        EV:  2    Int:  5    God:    Trog [***...]
Gold:   152        SH:  0    Dex: 11    Spells: 5/5 levels left

rFire   . . .        p - +0 short sword (drain)
rCold   + . .        c - orb {light}
rNeg    + + +        e - +0 plate armour
rPois   ∞            (no helmet)
rElec   .            s - scarf {shadows}
rCorr   .            f - +0 pair of gloves
SInv    .            (no boots)
Will    ++...        (no amulet) Stlth
                     n - +4 ring of slaying
HPRegen 1.00/turn    w - ring of poison resistance
MPRegen 0.09/turn

%: no passive effects
@: strong-willed (expiring), regenerating (expiring), glowing, constricted
A: claws 1, cold resistance 1, negative energy resistance 3, inhibited
regeneration, torment resistance 2, devour on kill
a: Renounce Religion, Trog's Hand


You were on level 3 of the Dungeon.
You worshipped Trog.
Trog was most pleased with you.
You visited 1 branch of the dungeon, and saw 3 of its levels.

You collected 152 gold pieces.

Inventory:

Hand Weapons
 j - a +0 club
 k - a +0 dagger
 l - a +0 whip
 o - a +0 dagger of speed
 p - a +0 short sword of draining (weapon)
 y - a +1 dagger of pain
 E - a +0 trident
 G - a +0 rapier
Missiles
 h - 12 stones
 m - 10 poisoned darts
Armour
 a - a +0 robe
 c - an orb of light (worn)
 e - a +0 plate armour (worn)
 f - a +0 pair of gloves (worn)
 i - a +0 leather armour
 s - a scarf of shadows (worn)
 v - a +0 ring mail
 D - a +0 scale mail
Jewellery
 n - a +4 ring of slaying (left hand)
 w - a ring of poison resistance (right hand)
Scrolls
 d - 8 scrolls of identify
 g - 2 scrolls of fear {unknown}
 r - a scroll of vulnerability {unknown}
 u - a scroll of amnesia {unknown}
 A - a scroll of enchant weapon {unknown}
 B - a scroll of teleportation {unknown}
 C - a scroll of poison {unknown}
 F - a scroll of enchant armour {unknown}
Potions
 b - a potion of ambrosia
 q - a potion of heal wounds
 t - 3 potions of curing {unknown}
 x - a potion of cancellation {unknown}
 z - a potion of attraction {unknown}


   Skills:
 + Level 4.5 Fighting
 + Level 2.3 Short Blades
 + Level 0.1 Throwing
 + Level 1.6 Armour
 + Level 3.3 Dodging
 + Level 0.1 Stealth
 + Level 4.4 Unarmed Combat


You had 5 spell levels left.
You didn't know any spells.
Your spell library was empty.

Dungeon Overview and Level Annotations

Branches:
Dungeon (3/15)

Altars:
Okawaru
Trog


Innate Abilities, Weirdness & Mutations

You are immune to poison.
You have sharp fingernails.
Your flesh is cold resistant. (rC+)
You are immune to negative energy. (rN+++)
You do not regenerate when monsters are visible.
You are immune to unholy pain and torment.
You thrive by killing the living.


Message History

You hit the orc wizard but do no damage.
The orc wizard is lightly wounded.
The kobold hits you but does no damage.
The orc priest hits you with a +0 short sword.
The orc wizard hits you but does no damage.
The kobold attacks as you move away! The kobold hits you but does no damage.
The orc wizard attacks as you move away!
The orc wizard hits you but does no damage.
The orc priest calls upon Beogh to heal the orc wizard.
The orc wizard's wounds heal themselves!
You're too confused to move!
The kobold hits you but does no damage.
The orc priest mumbles some strange prayers to Beogh against you.
Beogh smites you!
* * * LOW HITPOINT WARNING * * *
The orc wizard hits you but does no damage.
You are too confused!
You're too confused to move!
You feel less confused.
The kobold hits you with a +0 short sword.
* * * LOW HITPOINT WARNING * * *
The orc wizard hits you with a +0 dagger.
* * * LOW HITPOINT WARNING * * *
Okay, then.
Activating: Trog's Hand (0% risk of failure)
Press: ? - help, Q - select action, (/) - cycle Dir - look around, f - activate Your skin crawls.
You feel strong-willed. The kobold barely misses you.
The orc wizard barely misses you.
The orc priest hits you with a +0 short sword.
* * * LOW HITPOINT WARNING * * *
As you read the scroll labelled UNEIKY ACEJIH, it crumbles to dust.
It is a scroll of identify.
q - a potion of heal wounds You feel the effects of Trog's Hand fading.
The ball python bites you but does no damage.
The ball python grabs you. The ball python constricts you.
The kobold barely misses you. The orc priest barely misses you.
The orc wizard gestures at you while chanting.
The magic dart hits you.
You die...

.>.........#
.....[.....# ####
...........# ##.......
†...†......####........
..###.####..##.........
......# ##.##.........
.........##............
.#.#####.......S.......
.#.# ######..K@......
.#.# #.woo...... .#.#
.......#....... .#
.#####..####### ##
#..... #...... #....o..
#.....o.# .....


You could see a worm, an orc priest (very drained), an orc wizard (very
drained), a ball python and a kobold.

Vanquished Creatures
  2 orc priests
  2 orc wizards
  5 adders
  A worm (D:2)
  3 dart slugs
  7 orcs
  8 ball pythons
  2 bats
  6 endoplasms
  4 giant cockroaches
  5 hobgoblins
  6 jackals
  4 quokkas
  2 frilled lizards
  5 goblins
  6 kobolds
  6 rats
74 creatures vanquished.

Notes
Turn   | Place    | Note
-------+----------+-------------------------------------------
     0 | D:1      | Tacobop the Ghoul Monk began the quest for the Orb.
     0 | D:1      | Reached XP level 1. HP: 19/19 MP: 0/0
   350 | D:2      | Reached XP level 2. HP: 26/26 MP: 1/1
   554 | D:2      | Reached XP level 3. HP: 12/33 MP: 2/2
   556 | D:2      | Reached XP level 4. HP: 15/40 MP: 3/3
  1075 | D:2      | Reached XP level 5. HP: 47/47 MP: 4/4
  1122 | D:2      | Reached skill level 1 in Short Blades
  1164 | D:2      | Found a faded altar of an unknown god.
  1170 | D:2      | Prayed at the altar of an unknown god.
  1170 | D:2      | Became a worshipper of Trog the Wrathful
  1170 | D:2      | Reached * piety under Trog
  1170 | D:2      | Reached ** piety under Trog
  1624 | D:1      | Reached skill level 1 in Armour
  1632 | D:1      | Reached *** piety under Trog
  2668 | D:3      | Found an iron altar of Okawaru.
  2737 | D:3      | Reached XP level 6. HP: 46/53 MP: 5/5
  2754 | D:3      | HP: 1/53 [orc priest/+0 short sword (3)]
  2755 | D:3      | Killed from afar by an orc wizard

Illustrated notes

Levels and vault maps discovered:
D:1:      lemuel_arrival_funnel, layout_basic, minmay_nonomino_d4
D:2:      wad_lake_hut, layout_basic, ebering_ecumenical_altar_mist
D:3:      layout_rooms, mainiacjoe_overflow_concentric_impassable

Skill      XL: |  1  2  3  4  5 |
---------------+----------------+-----
Dodging        | 3 |  3.3
Unarmed Combat | 4 |  4.4
Fighting       | 4 |  4.5
Short Blades   | 2 |  2.3
Armour         | 1 |  1.6
Throwing       | |  0.1
Stealth        | |  0.1

Action                     |  1- 3 |  4- 6 || total
---------------------------+-------+-------++-------
  Melee: Unarmed           |    28 |       ||    28
         Short sword       |    16 |   108 ||   124
  Throw: Dart              |       |     3 ||     3
 Invoke: Trog's Hand       |       |     1 ||     1
    Use: Scroll            |       |     1 ||     1
 Armour: Plate armour      |    25 |    73 ||    98
  Dodge: Dodged            |     8 |    30 ||    38
